 Dungeon Crawl Stone Soup version 0.23.0-3-gf3c87f2 (webtiles) character file.

Game seed: 354691641957912135

3142 Monsterracer the Destroyer (level 9, 0/52 HPs)
             Began as a Deep Elf Wanderer on Feb 22, 2019.
             Was a Follower of Vehumet.
             Slain by a wight
             ... wielding a +0 hand axe of chopping
              (2 damage)
             ... on level 7 of the Dungeon.
             The game lasted 00:11:36 (9828 turns).

Monsterracer the Destroyer (Deep Elf Wanderer)      Turns: 9828, Time: 00:11:37

Health: 0/52       AC:  8    Str:  7    XL:     9   Next: 61%
Magic:  15/31      EV: 14    Int: 27    God:    Vehumet [*.....]
Gold:   106        SH:  0    Dex: 12    Spells: 19/23 levels left

rFire    . . .     SeeInvis .   b - +9 trident of Ogrucooc {speed, rElec rC+ Str-4 Int+6}
rCold    + . .     Gourm    .   (no shield)
rNeg     + . .     Faith    .   l - +0 steam dragon scales
rPois    .         Spirit   .   (no helmet)
rElec    +         Reflect  .   (no cloak)
rCorr    .         Harm     .   (no gloves)
MR       .....                  y - +2 pair of boots
Stlth    ++........             (no amulet)
HPRegen  0.17/turn              (no ring)
MPRegen  0.22/turn              j - ring of the Kangaroo {*Drain rElec rN+ MP+9, =R}

@: lightly drained
A: no striking features
a: Renounce Religion


You were on level 7 of the Dungeon.
You worshipped Vehumet.
Vehumet was aware of your devotion.
You were not hungry.

You visited 2 branches of the dungeon, and saw 8 of its levels.
You also visited: Ossuary.

You collected 368 gold pieces.
You spent 262 gold pieces at shops.

Inventory:

Hand Weapons
 a - the +10 dagger of Muxo {pierce, MR+}
   (You bought it in a shop on level 4 of the Dungeon)

   It inflicts extra damage upon your enemies.
   It affects your resistance to hostile enchantments.
 b - the +9 trident of Ogrucooc (weapon) {speed, rElec rC+ Str-4 Int+6}
   (You found it on level 6 of the Dungeon)

   Attacks with this weapon are significantly faster.
   It affects your strength (-4).
   It affects your intelligence (+6).
   It protects you from cold.
   It insulates you from electricity.
Armour
 l - +0 steam dragon scales (worn)
   (You found it on level 7 of the Dungeon)
 y - a +2 pair of boots (worn)
   (You found it on level 5 of the Dungeon)
Jewellery
 j - the ring of the Kangaroo (right hand) {*Drain rElec rN+ MP+9, =R}
   (You found it on level 3 of the Dungeon)

   [ring of magical power]

   It insulates you from electricity.
   It protects you from negative energy.
   It affects your magic capacity (+9).
   It causes draining when unequipped.
Wands
 k - a wand of polymorph (12)
   (You took it off Grinder on level 3 of the Dungeon)
 q - a wand of acid (12)
   (You found it on level 5 of the Dungeon)
 w - a wand of random effects (4)
Scrolls
 m - 2 scrolls of magic mapping
 o - a scroll of amnesia
 p - 4 scrolls of enchant weapon
 r - 3 scrolls of remove curse
 t - a scroll of teleportation {!r}
 u - 2 scrolls of fear {!r}
Potions
 d - 5 potions of heal wounds
 e - a potion of curing
 f - 2 potions of mutation {!q}
 g - a potion of ambrosia {!q}
 h - a potion of haste
 i - a potion of resistance
 n - a potion of flight
 x - a potion of agility {unknown}
Comestibles
 c - 18 rations
 s - a chunk of flesh


   Skills:
 + Level 3.9(3.4) Fighting
 - Level 3.5(3.2) Short Blades
   Level 1.0(1.8) Long Blades
 - Level 1.0(0.6) Throwing
 + Level 5.5(5.1) Dodging
 - Level 2.4(2.0) Stealth
 + Level 7.5(7.1) Spellcasting
 * Level 9.0(8.5) Conjurations
   Level 1.1(0.7) Summonings
 - Level 5.1(4.7) Fire Magic
   Level 1.1(0.7) Poison Magic
 - Level 1.1(0.7) Evocations


You had 19 spell levels left.
You knew the following spells:

 Your Spells              Type           Power        Failure   Level  Hunger
a - Flame Tongue          Conj/Fire      #####        1%          1    None
b - Conjure Flame         Conj/Fire      #####...     1%          3    None

Your spell library contained the following spells:

 Spells                   Type           Power        Failure   Level  Hunger
 Sting                    Conj/Pois      ####         1%          1    None


Dungeon Overview and Level Annotations

Branches:
Dungeon (7/15)             Temple (1/1) D:4

Altars:
Ashenzari
Cheibriados
Dithmenos
Elyvilon
Gozag
Hepliaklqana
Kikubaaqudgha
Makhleb
Nemelex Xobeh
Okawaru
Ru
Sif Muna
Trog
Uskayaw
Vehumet
Wu Jian
Xom

Shops:
D:4 (   D:5 ?:}


Message History

The hound skeleton bites you but does no damage.
The wight completely misses you.
Casting: Flame Tongue (safe; 1% risk of failure)
Confirm with . or Enter, or press ? or * to list all spells.
Aiming: Flame Tongue (safe; 1% risk of failure)
Press: ? - help, Shift-Dir - straight line, f/p - hound skeleton
Aim: a hound skeleton (severely damaged)
The flame tongue hits the hound skeleton.
The hound skeleton is severely damaged.
The hound skeleton misses you.
You hear some strange, mumbled words.
The wight hits you with a +0 hand axe of chopping!
You partially resist.
You feel drained. The hound skeleton closely misses you.
You take 12 damage, and have 32/52 hp.
MASSIVE DAMAGE!!
You now have 19/31 mp.
Casting: Flame Tongue (safe; 1% risk of failure)
Confirm with . or Enter, or press ? or * to list all spells.
Aiming: Flame Tongue (safe; 1% risk of failure)
Press: ? - help, Shift-Dir - straight line, f/p - hound skeleton
Aim: a hound skeleton (severely damaged)
The flame tongue misses the hound skeleton.
The flame tongue hits something.
The hound skeleton bites you but does no damage.
The wight hits you but does no damage.
You now have 18/31 mp.
Casting: Flame Tongue (safe; 1% risk of failure)
Confirm with . or Enter, or press ? or * to list all spells.
Aiming: Flame Tongue (safe; 1% risk of failure)
Press: ? - help, Shift-Dir - straight line, f/p - hound skeleton
Aim: a hound skeleton (severely damaged)
The flame tongue hits the hound skeleton!
You destroy the hound skeleton!
Vehumet accepts your kill. The wight barely misses you.
You now have 17/31 mp.
Casting: Flame Tongue (safe; 1% risk of failure)
Confirm with . or Enter, or press ? or * to list all spells.
Aiming: Flame Tongue (safe; 1% risk of failure)
Press: ? - help, Shift-Dir - straight line, f - orc
Aim: an orc The flame tongue hits the orc!
You kill the orc!
Vehumet accepts your kill.
You feel your power returning.
You hear some strange, mumbled words.
A magic dart appears from out of thin air!
The magic dart hits you.
The wight hits you with a +0 hand axe of chopping.
* * * LOW HITPOINT WARNING * * *
You partially resist.
You feel drained.
* * * LOW HITPOINT WARNING * * *
You take 13 damage, and have 20/52 hp.
MASSIVE DAMAGE!!
Casting: Flame Tongue (safe; 1% risk of failure)
Confirm with . or Enter, or press ? or * to list all spells.
Aiming: Flame Tongue (safe; 1% risk of failure)
Press: ? - help, Shift-Dir - straight line, f - wight
Aim: a wight, wielding a +0 hand axe of chopping and wearing a +0 scale mail The flame tongue hits the wight.
The wight is lightly damaged.
You now have 17/31 mp.
Casting: Flame Tongue (safe; 1% risk of failure)
Confirm with . or Enter, or press ? or * to list all spells.
Aiming: Flame Tongue (safe; 1% risk of failure)
Press: ? - help, Shift-Dir - straight line, f/p - wight
Aim: a wight, wielding a +0 hand axe of chopping and wearing a +0 scale mail (lightly damaged)
The flame tongue hits the wight!
The wight is heavily damaged.
Something completely misses you.
The wight hits you with a +0 hand axe of chopping!
* * * LOW HITPOINT WARNING * * *
You partially resist.
You feel drained.
* * * LOW HITPOINT WARNING * * *
Something hits you but does no damage.
You take 8 damage, and have 12/52 hp.
You now have 16/31 mp.
Casting: Flame Tongue (safe; 1% risk of failure)
Confirm with . or Enter, or press ? or * to list all spells.
Aiming: Flame Tongue (safe; 1% risk of failure)
Press: ? - help, Shift-Dir - straight line, f/p - wight
Aim: a wight, wielding a +0 hand axe of chopping and wearing a +0 scale mail (heavily damaged)
The flame tongue hits the wight.
The wight is severely damaged.
The wight barely misses you. Something hits you but does no damage.
You now have 15/31 mp.
Casting: Flame Tongue (safe; 1% risk of failure)
Confirm with . or Enter, or press ? or * to list all spells.
Aiming: Flame Tongue (safe; 1% risk of failure)
Press: ? - help, Shift-Dir - straight line, f/p - wight
Aim: a wight, wielding a +0 hand axe of chopping and wearing a +0 scale mail (severely damaged)
The flame tongue hits the wight but does no damage.
The wight is severely damaged.
Something hits you but does no damage. The wight hits you but does no damage.
You hear some strange, mumbled words.
A puff of frost appears from out of thin air!
The puff of frost hits you. You resist.
* * * LOW HITPOINT WARNING * * *
You take 4 damage, and have 8/52 hp.
You hit the wight.
The wight is severely damaged.
The wight hits you with a +0 hand axe of chopping.
* * * LOW HITPOINT WARNING * * *
You die...

#.#.........# #..........
#.........# #..........
#.........# #.........#
#.........####..........
#.......................
#...........(.......##..
#...................##..
#.#.....z.............##..
#.......{@..#######.......
#######)##### #.####..
#.....##### #.#.....
###.##.(....#### #.#.....
#.....zz.......# #.######
#.##.#.[(.o(##. #.......
#.#...(s.# ########
...............
...............^


You could see a wight.

Vanquished Creatures
  Grinder (D:3)
  A hungry ghost (D:7)
  A steam dragon (D:7)
  A sky beast (D:5)
  A black bear (D:6)
  A phantom (D:6)
  5 ogres (D:7 D:5 D:6)
  A centaur (D:5)
  2 elf zombies (Ossuary)
  A big kobold (D:7)
  A bullfrog (D:7)
  3 scorpions (D:7 D:5)
  2 wights (D:7)
  2 howler monkeys (D:5 D:7)
  2 crimson imps (D:5 D:6)
  2 centaur zombies (Ossuary)
  A bullfrog zombie (D:7)
  4 hounds (D:3 D:4 D:6)
  A jelly (D:6)
  2 orc priests (D:3 D:4)
  A bullfrog skeleton (D:6)
  2 iguanas (D:4 D:5)
  Natasha (thrice) (D:4)
  5 orc wizards (D:4 D:5 D:6 D:7)
  5 worker ants (D:4 D:6 D:7)
  2 big kobold zombies (Ossuary)
  3 hound zombies (Ossuary D:5)
  A hound skeleton (D:7)
  4 mummies (D:5 Ossuary)
  A worker ant zombie (D:5)
  11 gnolls (D:2 D:4 D:6)
  A howler monkey skeleton (D:6)
  11 adders (D:2 D:4 D:7 D:6 D:5)
  A shadow imp (D:6)
  An ooze (D:5)
  2 adder skeletons (D:4 D:5)
  4 adder zombies (D:7 Ossuary D:5)
  3 worms (D:2 D:6)
  4 dart slugs (D:1 D:2)
  10 leopard geckos (D:2 D:3 D:7 D:5 D:6)
  14 orcs (D:3 D:4 D:7 D:5)
  5 ball pythons (D:1 D:2 D:3 D:4)
  9 bats (D:1 D:2 D:3)
  4 giant cockroaches (D:1 D:2 D:4)
  5 goblins (D:1 D:2 D:3)
  5 hobgoblins (D:1 D:2 D:3)
  11 jackals (D:4 D:7 D:5 D:6)
  3 quokkas (D:2 D:7 D:5)
  9 frilled lizards (D:1 D:2 D:3 D:4)
  2 gnoll zombies (Ossuary)
  5 goblin zombies (Ossuary)
  3 hobgoblin zombies (Ossuary)
  A jackal skeleton (D:2)
  3 jackal zombies (Ossuary)
  14 kobolds (D:1 D:2 D:7)
  7 kobold zombies (Ossuary)
  A leopard gecko skeleton (D:5)
  A leopard gecko zombie (D:7)
  3 orc zombies (Ossuary D:5)
  5 quokka zombies (Ossuary)
  7 rats (D:1 D:2 D:3)
227 creatures vanquished.

Notes
Turn   | Place    | Note
-------+----------+-------------------------------------------
     0 | D:1      | Monsterracer the Deep Elf Wanderer began the quest for the
                  | Orb.
     0 | D:1      | Monsterracer set off with the following items: a +2 dagger,
                  | a ration, a wand of random effects (15), a +0 robe, a
                  | potion of haste; and the following spell memorised: Flame
                  | Tongue; and the following spells available to memorise:
                  | Conjure Flame
     0 | D:1      | Reached XP level 1. HP: 12/12 MP: 5/5
    15 | D:1      | HP: 6/12 [kobold/+0 short sword (6)]
    20 | D:1      | HP: 2/12 [goblin (2)]
   338 | D:1      | Reached skill level 1 in Conjurations
   338 | D:1      | Reached skill level 1 in Fire Magic
   430 | D:1      | Reached XP level 2. HP: 16/16 MP: 0/6
  1080 | D:1      | Reached XP level 3. HP: 18/20 MP: 2/7
  1092 | D:1      | Learned a level 3 spell: Conjure Flame
  1435 | D:2      | Reached skill level 2 in Conjurations
  1916 | D:2      | HP: 10/20 [gnoll/+0 spear (5)]
  1920 | D:2      | Reached XP level 4. HP: 13/25 MP: 2/9
  1944 | D:2      | HP: 10/25 [gnoll/+0 spear (3)]
  1966 | D:2      | HP: 8/25 [gnoll/+0 spear (4)]
  1981 | D:2      | HP: 1/25 [gnoll/+0 spear (8)]
  2005 | D:2      | HP: 2/25 [kobold/stone (1)]
  2119 | D:2      | HP: 12/25 [poisoned by an adder]
  2127 | D:2      | HP: 10/25 [poisoned by an adder]
  2135 | D:2      | HP: 8/25 [poisoned by an adder]
  3107 | D:3      | Reached skill level 3 in Conjurations
  3107 | D:3      | Reached XP level 5. HP: 23/29 MP: 3/11
  3702 | D:3      | Got a crude granite ring
  3703 | D:3      | Identified the ring of the Kangaroo {*Drain rElec rN+ MP+9}
                  | (You found it on level 3 of the Dungeon)
  3930 | D:3      | Noticed Grinder
  4125 | D:3      | Paralysed by something for 7 turns
  4133 | D:3      | HP: 9/29 [something (10)]
  4146 | D:3      | Killed Grinder
  4146 | D:3      | Reached skill level 4 in Conjurations
  4146 | D:3      | Reached XP level 6. HP: 12/34 MP: 13/13
  4425 | D:4      | Found a white marble altar of Elyvilon.
  4788 | D:4      | Found Qygrone's Antique Weapon Shop.
  4796 | D:4      | Noticed Natasha
  4799 | D:4      | Killed Natasha
  4841 | D:4      | Bought a faintly glowing dagger for 147 gold pieces
  4841 | D:4      | Identified the +10 dagger of Muxo {pierce, MR+} (You bought
                  | it in a shop on level 4 of the Dungeon)
  4915 | D:4      | Noticed Natasha
  4920 | D:4      | Killed Natasha
  4920 | D:4      | Reached skill level 5 in Conjurations
  4920 | D:4      | Reached skill level 5 in Fire Magic
  4920 | D:4      | Reached XP level 7. HP: 38/38 MP: 15/15
  5057 | D:4      | You fall through a shaft for 3 floors!
  5088 | D:7      | Noticed a steam dragon
  5114 | D:7      | Reached skill level 1 in Short Blades
  5286 | D:7      | HP: 19/39 [jackal (3)]
  5294 | D:7      | HP: 7/39 [something/ball of steam (12)]
  5368 | D:7      | Noticed a hungry ghost
  5451 | D:7      | Killed a hungry ghost
  5451 | D:7      | Reached skill level 5 in Spellcasting
  5451 | D:7      | Reached skill level 6 in Conjurations
  5451 | D:7      | Reached XP level 8. HP: 31/44 MP: 16/17
  5653 | D:5      | Entered Level 5 of the Dungeon
  5687 | D:5      | Found a sand-covered staircase.
  5693 | Ossuary  | Entered an ossuary
  6519 | D:5      | Reached skill level 7 in Conjurations
  6835 | D:5      | Found a shattered altar of Ashenzari.
  6904 | D:5      | Found Vuny's Gadget Shop.
  7017 | D:5      | Found Howkoa's Book Emporium.
  7037 | D:5      | HP: 22/45 [howler monkey (8)]
  7204 | D:4      | Noticed Natasha
  7209 | D:4      | Killed Natasha
  7356 | D:4      | Found a staircase to the Ecumenical Temple.
  7369 | Temple   | Entered the Ecumenical Temple
  7467 | Temple   | Became a worshipper of Vehumet
  7661 | D:4      | Found a hazy altar of Hepliaklqana.
  7802 | D:5      | Reached XP level 9. HP: 42/50 MP: 20/20
  7910 | D:5      | Found Tyonuux's Magic Scroll Boutique.
  7913 | D:5      | Bought a scroll of teleportation for 33 gold pieces
  7913 | D:5      | Bought a scroll of amnesia for 38 gold pieces
  7913 | D:5      | Bought a scroll of identify for 22 gold pieces
  7913 | D:5      | Bought a scroll of identify for 22 gold pieces
  8398 | D:6      | Reached skill level 8 in Conjurations
  8442 | D:6      | Got a warped trident
  8443 | D:6      | Identified the +9 trident of Ogrucooc {speed, rElec rC+
                  | Str-4 Int+6} (You found it on level 6 of the Dungeon)
  8696 | D:6      | Found an opulent altar of Gozag.
  8712 | D:6      | Reached * piety under Vehumet
  8712 | D:6      | Offered knowledge of Sting by Vehumet.
  8712 | D:6      | Reached skill level 5 in Dodging
  9232 | D:7      | HP: 26/52 [poisoned by a worker ant]
  9817 | D:7      | Reached skill level 9 in Conjurations
  9823 | D:7      | HP: 21/52 [wight/+0 hand axe of chopping (6)]
  9827 | D:7      | HP: 8/52 [something/puff of frost (5)]
  9828 | D:7      | HP: 2/52 [wight/+0 hand axe of chopping (6)]
  9828 | D:7      | Slain by a wight

Skill      XL: |  1  2  3  4  5  6  7  8  9 |
---------------+----------------------------+-----
Conjurations   | 1 2 3 4 5 6 7 9 |  9.0
Fire Magic     | 1 2 3 4 5 |  5.1
Spellcasting   | 2 3 4 5 6 7 |  7.5
Short Blades   | 1 3 |  3.5
Dodging        | 2 4 5 |  5.5
Fighting       | 3 |  3.9
Long Blades    | |  1.0
Throwing       | |  1.0
Stealth        | |  2.4
Summonings     | |  1.1
Poison Magic   | |  1.1
Evocations     | |  1.1

Action                   |  1- 3 |  4- 6 |  7- 9 || total
-------------------------+-------+-------+-------++-------
Melee: Dagger            |    16 |     8 |   130 ||   154
       Spear             |       |    29 |       ||    29
       Trident           |       |       |    16 ||    16
 Cast: Flame Tongue      |    61 |    99 |   268 ||   428
       Conjure Flame     |       |       |     4 ||     4
Evoke: Wand              |       |    11 |       ||    11
  Use: Scroll            |     2 |     8 |    10 ||    20
       Potion            |       |     1 |       ||     1
 Stab: Sleeping          |     1 |       |     8 ||     9
  Eat: Chunk             |     4 |    10 |    15 ||    29
Armor: Robe              |    11 |    21 |    50 ||    82
       Steam dragon scal |       |       |    12 ||    12
Dodge: Dodged            |    34 |    44 |   170 ||   248

Levels and vault maps discovered:
D:1:      giann_horns, layout_basic, minmay_3d_cube
D:2:      layout_basic
D:3:      layout_basic, serial_glass, glass_columns_a, glass_columns_a,
          minmay_checkerbox, uniq_grinder
D:4:      layout_cave_pools, lemuel_coloured_pillars_altar,
          minmay_temple_entry_butterflies, first_ration, serial_shops,
          nicolae_shop_overgrown_old_shop, elyvilon_altar_3, uniq_natasha
D:5:      kb_forest_paths, layout_loops_ring, nicolae_ossuary_entry_giza,
          serial_shops, nicolae_shop_behind_doors, nicolae_shop_crystal,
          shop_fountains, evilmike_ruin_ashenzari
D:6:      layout_loops_cross, minmay_ruined_shrine
D:7:      layout_basic
Temple:   minmay_temple_bridge_d
Ossuary:  minmay_ossuary_two_tombs
